AoeStats
← Reis

Arena

506877298Analyzed
4v4 RM · 17d ago on Sep 15, 2026· 49m 26s· 8 players
Game mode
Random Map
Map size
Large (8 player)
Population
200
Speed
Normal
Resources
Standard
Victory
Conquest
Starting age
Dark Age
Ending age
Imperial Age
RankedLock teamsTeams togetherTeam positionsShared explorationLock speedFull tech treeHidden civsTurbo modeCheats
Victory
Defeat
🇺🇸 Bohemians · United States
1524
+10
🇲🇽 Persians · Mexico
1498
+11
🇨🇭 Bulgarians · Switzerland
1348
+17
🇺🇸 Japanese · United States
1344
+17
🇧🇷 Mongols · Brazil
1412
-15
🇦🇷 Britons · Argentina
1396
-14
🇪🇸 Chinese · Spain
1372
-13
🇺🇸 Byzantines · United States
1351
-13
SLAMCOW
11:00 Feudal Age
11:33 Horse Collar
11:39 Double-Bit Axe
12:43 Wheelbarrow
17:21 Castle Age
18:48 Bow Saw
19:47 Loom
21:31 Gold Mining
21:31 Stone Mining
28:43 Fletching
31:53 Imperial Age
31:12 Hand Cart
31:12 Bodkin Arrow
31:18 Padded Archer Armor
31:46 Crossbowman
33:13 Bracer
34:11 Thumb Ring
33:42 Arbalester
36:03 Chemistry
37:03 Ballistics
37:52 Leather Archer Armor
39:37 Conscription
42:44 Ring Archer Armor
42:20 Scale Barding Armor
42:25 Forging
45:04 Chain Barding Armor
46:16 Scale Mail Armor
46:51 Iron Casting
46:24 Pikeman
47:04 Squires
46:50 Arson
47:09 Murder Holes
47:36 Bombard Tower
48:42 Chain Mail Armor
48:51 Halberdier
leotectos
10:25 Feudal Age
14:13 Castle Age
12:09 Horse Collar
13:40 Double-Bit Axe
15:29 Bow Saw
18:41 Loom
20:15 Wheelbarrow
29:52 Heavy Plow
29:56 Gold Mining
34:06 Hand Cart
37:39 Gold Shaft Mining
39:17 Stone Mining
39:43 Fletching
39:53 Padded Archer Armor
39:39 Elite Skirmisher
40:28 Bodkin Arrow
41:50 Leather Archer Armor
43:42 Scale Mail Armor
43:53 Forging
46:18 Imperial Age
43:47 Pikeman
44:27 Squires
flinT
11:23 Feudal Age
15:00 Castle Age
13:24 Double-Bit Axe
14:13 Horse Collar
16:14 Bow Saw
16:35 Loom
18:01 Gold Mining
18:16 Fletching
22:17 Bodkin Arrow
22:33 Town Watch
27:16 Padded Archer Armor
35:34 Imperial Age
33:40 Wheelbarrow
34:13 Gold Shaft Mining
34:38 Leather Archer Armor
34:55 Hand Cart
36:10 Ballistics
36:51 Bracer
38:39 Chemistry
37:55 Elite Mangudai
41:10 Conscription
41:20 Elite Skirmisher
Bydonn1256
0:27 Loom
10:57 Feudal Age
16:04 Castle Age
14:42 Double-Bit Axe
14:44 Horse Collar
16:23 Bloodlines
17:21 Bow Saw
17:39 Scale Barding Armor
18:11 Husbandry
19:22 Chain Barding Armor
26:05 Wheelbarrow
26:06 Heavy Plow
30:04 Forging
37:19 Imperial Age
34:45 Fletching
34:56 Padded Archer Armor
35:26 Hand Cart
35:28 Gold Mining
36:36 Ballistics
35:50 Crossbowman
36:45 Thumb Ring
36:42 Bodkin Arrow
37:03 Leather Archer Armor
37:06 Town Watch
37:25 Arbalester
38:08 Bracer
39:20 Chemistry
44:58 Iron Casting
44:24 Scale Mail Armor
Mr. Monty
10:38 Feudal Age
14:24 Castle Age
12:24 Double-Bit Axe
12:36 Horse Collar
17:02 Bow Saw
18:47 Loom
20:10 Fervor
21:26 Heavy Plow
22:20 Sanctity
23:53 Wheelbarrow
23:48 Town Watch
28:26 Imperial Age
26:33 Squires
25:54 Pikeman
26:35 Scale Mail Armor
26:26 Fletching
27:10 Hand Cart
27:18 Hand Cart
27:29 Chain Mail Armor
29:09 Bodkin Arrow
30:42 Conscription
32:33 Two-Man Saw
31:04 Halberdier
32:16 Plate Mail Armor
32:50 Chemistry
32:27 Arson
34:45 Wagenburg Tactics
36:35 Bracer
36:43 Siege Engineers
36:17 Houfnice
37:49 Forging
37:53 Masonry
37:24 Treadmill Crane
38:05 Ballistics
37:40 Murder Holes
37:31 Elite Hussite Wagon
39:51 Architecture
39:32 Fortified Wall
41:55 Iron Casting
41:19 Guard Tower
45:58 Hussite Reforms
46:55 Blast Furnace
46:33 Keep
45:43 Arrowslits
46:04 Caravan
46:36 Coinage
46:17 Guilds
46:35 Bombard Tower
47:08 Town Patrol
MZTK | Evil Xandro
10:56 Feudal Age
14:59 Castle Age
13:19 Double-Bit Axe
13:16 Horse Collar
15:15 Loom
17:03 Bow Saw
20:05 Masonry
24:19 Wheelbarrow
26:16 Fletching
27:33 Pikeman
28:14 Squires
31:46 Imperial Age
29:33 Scale Mail Armor
29:44 Forging
30:22 Chain Mail Armor
31:27 Hand Cart
31:50 Heavy Plow
31:50 Gold Mining
32:26 Conscription
33:14 Chemistry
33:37 Plate Mail Armor
34:21 Stone Mining
35:40 Town Watch
36:35 Iron Casting
38:23 Blast Furnace
37:29 Scale Barding Armor
38:51 Stone Shaft Mining
39:23 Chain Barding Armor
40:19 Plate Barding Armor
40:37 Elite War Elephant
41:21 Husbandry
41:31 Bloodlines
42:05 Devotion
43:03 Gold Shaft Mining
45:34 Faith
46:39 Two-Man Saw
46:10 Crop Rotation
49:39 Architecture
49:30 Ballistics
49:07 Bodkin Arrow
49:12 Padded Archer Armor
49:00 Gambesons
49:00 Arson
48:38 Light Cavalry
qwer
10:05 Feudal Age
14:16 Castle Age
14:23 Double-Bit Axe
14:18 Horse Collar
20:50 Scale Mail Armor
25:25 Chain Mail Armor
26:57 Forging
26:39 Loom
27:54 Iron Casting
30:00 Wheelbarrow
30:07 Squires
29:54 Arson
30:56 Town Watch
32:23 Hand Cart
34:57 Imperial Age
33:28 Fletching
33:58 Bodkin Arrow
34:44 Thumb Ring
34:53 Padded Archer Armor
36:28 Stone Mining
36:28 Gold Mining
37:05 Bracer
37:42 Leather Archer Armor
37:27 Elite Skirmisher
39:40 Plate Mail Armor
39:35 Conscription
40:41 Chemistry
40:44 Ring Archer Armor
40:36 Ballistics
43:52 Crossbowman
44:38 Guard Tower
44:29 Treadmill Crane
46:19 Blast Furnace
47:32 Kataparuto
47:27 Yasama
48:29 Bow Saw
48:26 Heavy Plow
49:01 Gold Shaft Mining
48:08 Elite Samurai
50:29 Two-Man Saw
Reis
10:09 Feudal Age
9:27 Loom
14:38 Castle Age
14:31 Loom
17:01 Scale Barding Armor
16:47 Fletching
20:08 Bodkin Arrow
30:53 Double-Bit Axe
34:38 Bow Saw
40:16 Wheelbarrow
Connection lost

Rejoining the realm…

Still unreachable

The connection could not be restored.

Session expired

The server has moved on; the page needs a fresh start.